AoeStats
← Magio.Yapito

Enclosed

518680904Analyzed
1v1 RM · 12d ago on Nov 4, 2026· 33m 56s· 2 players
Game mode
Random Map
Map size
Tiny (2 player)
Population
200
Speed
Normal
Resources
Standard
Victory
Conquest
Starting age
Dark Age
Ending age
Imperial Age
RankedLock teamsTeams togetherTeam positionsShared explorationLock speedFull tech treeHidden civsTurbo modeCheats
Victory
Defeat
🇲🇽 Danes · Mexico
1331
+15
vs
🇦🇺 Magyars · Australia
1313
-15
murrayj
5:53 Loom
9:20 Feudal Age
10:12 Double-Bit Axe
16:17 Horse Collar
18:38 Padded Archer Armor
18:44 Scale Barding Armor
22:15 Castle Age
21:13 Fletching
21:39 Gold Mining
22:37 Scale Barding Armor
22:22 Elite Skirmisher
23:04 Bodkin Arrow
24:22 Town Watch
27:44 Bloodlines
28:44 Bow Saw
30:08 Man-at-Arms
32:18 Long Swordsman
33:20 Scale Mail Armor
Magio.Yapito
9:45 Feudal Age
9:32 Loom
10:00 Man-at-Arms
13:21 Fletching
13:24 Arson
14:14 Double-Bit Axe
16:40 Wheelbarrow
17:41 Horse Collar
22:01 Castle Age
20:47 Scale Mail Armor
21:28 Forging
21:23 Gold Mining
22:08 Long Swordsman
22:35 Gambesons
22:51 Squires
24:29 Chain Mail Armor
26:07 Iron Casting
32:31 Bow Saw
Connection lost

Rejoining the realm…

Still unreachable

The connection could not be restored.

Session expired

The server has moved on; the page needs a fresh start.